 Dungeon Crawl Stone Soup version 0.23.2-1-ga50397a6bc (webtiles) character file.

Game seed: 4143363760795553580

668 Iceburger the Conjurer (level 7, -15/50 HPs)
             Began as a Pale Draconian Conjurer on May 14, 2019.
             Demolished by an ogre
             ... wielding a +0 giant spiked club
              (27 damage)
             ... on level 4 of the Dungeon.
             The game lasted 00:30:42 (4201 turns).

Iceburger the Conjurer (Pale Draconian Conjurer)    Turns: 4201, Time: 00:30:43

Health: -15/50     AC:  7    Str: 10    XL:     7   Next: 32%
Magic:  2/14       EV: 12    Int: 17    God:
Gold:   197        SH:  0    Dex: 12    Spells: 5/16 levels left

rFire    . . .     SeeInvis .   c - +0 dagger
rCold    . . .     Gourm    .   (no shield)
rNeg     . . .     Faith    .   (armour unavailable)
rPois    .         Spirit   .   (helmet restricted)
rElec    .         Reflect  .   (no cloak)
rCorr    .         Harm     .   n - +0 pair of gloves
MR       .....                  (no boots)
Stlth    ++........             f - amulet of regeneration
HPRegen  0.56/turn              i - ring of flight
MPRegen  0.14/turn              (no ring)

@: lethally poisoned (-15 -> -16), very slightly contaminated
A: breathe steam, unfitting armour, cold-blooded, AC +6
a: Breathe Steam, Evoke Flight


You were on level 4 of the Dungeon.
You were not hungry.

You visited 1 branch of the dungeon, and saw 4 of its levels.

You collected 197 gold pieces.

Inventory:

Hand Weapons
 c - a +0 dagger (weapon)
Armour
 n - a +0 pair of gloves (worn)
Jewellery
 f - an amulet of regeneration (around neck)
 i - a ring of flight (left hand)
 r - an uncursed ring of protection from magic {unknown}
Wands
 o - a wand of random effects (14)
Scrolls
 d - 4 scrolls of remove curse {unknown}
 j - a scroll of enchant armour {unknown}
 l - 4 scrolls of identify {unknown}
 q - a scroll of teleportation {unknown}
Potions
 a - a potion of agility {unknown}
 e - 2 potions of lignification {unknown}
 g - a potion of curing {unknown}
 h - a potion of ambrosia {unknown}
 k - 2 potions of heal wounds {unknown}
 m - a potion of cancellation {unknown}
 s - a potion of flight {unknown}
 t - a potion of haste
Comestibles
 b - 7 rations
 p - 6 chunks of flesh


   Skills:
 - Level 1.7 Dodging
 - Level 1.7 Stealth
 * Level 5.3 Spellcasting
 * Level 7.1 Conjurations


You had 5 spell levels left.
You knew the following spells:

 Your Spells              Type           Power        Failure   Level  Hunger
a - Magic Dart            Conj           ####         1%          1    None
b - Searing Ray           Conj           ####..       1%          2    #......
c - Iskenderun's Mystic   Conj           ####....     7%          4    ####...
d - Fulminant Prism       Conj/Hex       ###.......   30%         4    ####...

Your spell library contained the following spells:

 Spells                   Type           Power        Failure   Level  Hunger
 Dazzling Spray           Conj/Hex       ###...       10%         3    ##.....
 Force Lance              Conj/Tloc      ###.....     30%         4    ####...


Dungeon Overview and Level Annotations

Branches:
Dungeon (4/15)
 Temple: D:4-7

Altars:


Innate Abilities, Weirdness & Mutations

You can breathe blasts of scalding, opaque steam.
Your pale cyan-grey scales are hard. (AC +6)
You cannot fit into any form of body armour.
You are cold-blooded and may be slowed by cold attacks.


Message History

Aiming: Magic Dart (safe; 1% risk of failure)
Press: ? - help, Shift-Dir - straight line, f/p - worker ant
Aim: a worker ant (severely wounded)
The magic dart hits the worker ant.
The worker ant is almost dead.
The worker ant bites you.
* * * LOW HITPOINT WARNING * * *
You are more poisoned.
The worker ant poisons you!
Casting: Magic Dart (safe; 1% risk of failure)
Confirm with . or Enter, or press ? or * to list all spells.
Aiming: Magic Dart (safe; 1% risk of failure)
Press: ? - help, Shift-Dir - straight line, f/p - worker ant
Aim: a worker ant (almost dead)
The magic dart hits the worker ant.
You kill the worker ant!
You feel sick.
The ogre hits you with a +0 giant spiked club!!
Ouch! That really hurt!
You die...

### #.. # #.# .# ##.####.#
#.......# #.......### ####
###.......... ..#
..'..........# #.# ##
###.......##.# #@# .
.............#.#O#.###
.......#...###(#o#...#..
........................
.###.###...#####.###.#####
..<..#......o....###.....#
.........................+
...........###.^.###?....#
##.#.#.#...###...###.....#


You could see an ogre and an orc.

Vanquished Creatures
  Grinder (D:3)
  A scorpion (D:4)
  Natasha (twice) (D:2)
  3 worker ants (D:4)
  An orc wizard (D:4)
  Robin (D:2)
  11 adders
  4 gnolls (D:3)
  2 oozes
  A worm (D:3)
  4 dart slugs
  A leopard gecko (D:2)
  7 orcs
  3 giant cockroaches
  24 goblins
  11 hobgoblins
  10 jackals
  10 kobolds
  9 bats
  A frilled lizard (D:3)
  8 rats
115 creatures vanquished.

Vanquished Creatures (others)
  7 toadstools (D:2)
7 creatures vanquished.

Grand Total: 122 creatures vanquished

Notes
Turn   | Place    | Note
-------+----------+-------------------------------------------
     0 | D:1      | Iceburger the Draconian Conjurer began the quest for the
                  | Orb.
     0 | D:1      | Reached XP level 1. HP: 14/14 MP: 3/3
   303 | D:1      | Reached XP level 2. HP: 15/20 MP: 3/5
   819 | D:1      | Reached XP level 3. HP: 26/26 MP: 0/6
   889 | D:1      | Learned a level 2 spell: Searing Ray
  1177 | D:2      | Reached skill level 5 in Conjurations
  1422 | D:2      | Reached XP level 4. HP: 32/33 MP: 3/7
  1540 | D:2      | Noticed Natasha
  1541 | D:2      | Noticed Robin
  1673 | D:2      | Killed Robin
  1696 | D:2      | Killed Natasha
  2169 | D:2      | Reached XP level 5. HP: 38/38 MP: 6/9
  2322 | D:2      | Learned a level 4 spell: Iskenderun's Mystic Blast
  2543 | D:2      | Noticed Natasha
  2552 | D:2      | Killed Natasha
  2620 | D:3      | Reached skill level 6 in Conjurations
  2713 | D:3      | Noticed Grinder
  3216 | D:3      | Reached XP level 6. HP: 45/45 MP: 9/11
  3270 | D:3      | Paralysed by Grinder for 3 turns
  3293 | D:3      | Paralysed by Grinder for 6 turns
  3307 | D:3      | Paralysed by Grinder for 2 turns
  3317 | D:3      | Paralysed by Grinder for 7 turns
  3355 | D:3      | Paralysed by Grinder for 3 turns
  3370 | D:3      | Paralysed by Grinder for 2 turns
  3376 | D:3      | Killed Grinder
  3779 | D:4      | Learned a level 4 spell: Fulminant Prism
  3787 | D:4      | Your scales start taking on a pale cyan-grey colour.
  3787 | D:4      | Reached XP level 7. HP: 45/50 MP: 6/14
  3801 | D:4      | Reached skill level 5 in Spellcasting
  3927 | D:4      | Reached skill level 7 in Conjurations
  4201 | D:4      | Demolished by an ogre

Skill      XL: |  1  2  3  4  5  6  7 |
---------------+----------------------+-----
Conjurations   | 5 6 7 |  7.1
Spellcasting   | 3 4 5 |  5.3
Dodging        | |  1.7
Stealth        | |  1.7

Action                   |  1- 3 |  4- 6 |  7- 9 || total
-------------------------+-------+-------+-------++-------
Melee: Dagger            |    33 |    41 |    18 ||    92
       Unarmed           |     3 |       |       ||     3
       Tailslap          |     3 |     1 |     1 ||     5
 Cast: Magic Dart        |    63 |   120 |    28 ||   211
       Searing Ray       |     1 |    10 |     3 ||    14
       Iskenderun's Myst |       |     2 |     1 ||     3
 Abil: Breathe Steam     |       |       |     1 ||     1
 Stab: Sleeping          |     3 |     2 |       ||     5
  Eat: Chunk             |     2 |     5 |     2 ||     9
       Ration            |       |     1 |       ||     1
Armor: Skin              |     7 |    22 |    16 ||    45
Dodge: Dodged            |    35 |    49 |    21 ||   105
